 Dungeon Crawl Stone Soup version 0.22.1-1-ga44c0e5 (webtiles) character file.

5590 jerryfan the Geomancer (level 10, -3/50 HPs)
             Began as a Gargoyle Earth Elementalist on Oct 8, 2018.
             Was a Believer of Vehumet.
             Slain by a soldier ant (6 damage)
             ... on level 7 of the Dungeon.
             The game lasted 00:46:18 (8387 turns).

jerryfan the Geomancer (GrEE)                       Turns: 8387, Time: 00:46:19

Health: -3/50      AC: 12    Str: 13    XL:     10   Next: 72%
Magic:  1/22       EV: 18    Int: 23    God:    Vehumet [**....]
Gold:   420        SH:  0    Dex: 10    Spells: 16/26 levels left

rFire    . . .     SeeInvis .   w - +4 mace (protect)
rCold    . . .     Gourm    .   (no shield)
rNeg     + . .     Faith    .   c - +1 robe
rPois    ∞         Spirit   .   y - +0 helmet
rElec    +         Reflect  .   (no cloak)
rCorr    .         Harm     .   l - +0 pair of gloves
MR       .....                  (no boots)
Stlth    ++........             (no amulet)
HPRegen  0.16/turn              s - +6 ring of evasion
MPRegen  0.18/turn              (no ring)

@: brilliant
A: negative energy resistance 1, electricity resistance, unbreathing,
petrification resistance, rot immunity, AC +7
a: Renounce Religion


You were on level 7 of the Dungeon.
You worshipped Vehumet.
Vehumet was pleased with you.
You were not hungry.

You visited 2 branches of the dungeon, and saw 9 of its levels.

You collected 430 gold pieces.
You spent 10 gold pieces at shops.

Inventory:

Hand Weapons
 h - a +0 whip
 w - a +4 mace of protection (weapon)
Missiles
 b - 73 stones (quivered)
 r - 2 throwing nets
Armour
 c - a +1 robe (worn)
 l - a +0 pair of gloves (worn)
 o - a +3 leather armour
 y - a +0 helmet (worn)
 A - the +2 robe "Ogimilooz" {rElec MR+ Str-4 Dex+7}
   (You found it on level 8 of the Dungeon)

   It affects your strength (-4).
   It affects your dexterity (+7).
   It insulates you from electricity.
   It affects your resistance to hostile enchantments.
Jewellery
 s - a +6 ring of evasion (left hand)
 x - an uncursed amulet of rage
Wands
 z - a wand of random effects (20)
 C - a wand of flame (25)
Scrolls
 f - 9 scrolls of identify
 i - a scroll of enchant weapon
 j - 3 scrolls of teleportation
 n - 6 scrolls of remove curse
 v - 2 scrolls of magic mapping
Potions
 a - a potion of lignification {unknown}
 e - 2 potions of flight {unknown}
 g - 3 potions of agility
 k - a potion of curing {unknown}
 m - a potion of magic {unknown}
 p - a potion of ambrosia {unknown}
 t - a potion of resistance {unknown}
 u - 2 potions of might
 D - a potion of brilliance
Miscellaneous
 E - a phantom mirror
 F - a lamp of fire (inert)
Comestibles
 d - 18 rations


   Skills:
 - Level 1.5 Dodging
 - Level 2.1 Stealth
 + Level 8.7 Spellcasting
 + Level 9.6 Conjurations
   Level 0.7 Transmutations
 + Level 11.3 Earth Magic


You had 16 spell levels left.
You knew the following spells:

 Your Spells              Type           Power        Failure   Level  Hunger
a - Sandblast             Erth           ######       1%          1    None
b - Stone Arrow           Conj/Erth      ######       1%          3    None
c - Lee's Rapid Deconstr  Erth           ######....   1%          5    ####...
d - Sting                 Conj/Pois      ####         1%          1    None

Your spell library contained the following spells:

 Spells                   Type           Power        Failure   Level  Hunger
 Animate Skeleton         Necr           N/A          1%          1    None
 Beastly Appendage        Tmut           ####..       1%          1    None
 Corona                   Hex            ###....      1%          1    None
 Pain                     Necr           ###.         1%          1    None
 Passwall                 Tmut/Erth      ######..     1%          2    None
 Slow                     Hex            ###.....     1%          2    None
 Sticks to Snakes         Tmut           ####....     1%          2    None
 Leda's Liquefaction      Hex/Erth       ######....   1%          4    ##.....
 Petrify                  Tmut/Erth      ######..     1%          4    ##.....
 Inner Flame              Hex/Fire       ###.....     2%          3    None
 Portal Projectile        Hex/Tloc       ###...       2%          3    None
 Recall                   Summ/Tloc      N/A          2%          3    None
 Spider Form              Tmut/Pois      ####......   2%          3    None
 Vampiric Draining        Necr           ###.......   2%          3    None
 Bolt of Draining         Conj/Necr      #####.....   3%          5    ####...
 Ice Form                 Ice/Tmut       ####....     7%          4    ##.....
 Cause Fear               Hex            ###.......   8%          4    ##.....
 Blade Hands              Tmut           ####......   14%         5    ####...
 Death Channel            Necr           ###.......   63%         6    ######.


Dungeon Overview and Level Annotations

Branches:
Dungeon (8/15)             Temple (1/1) D:7            Lair (0/6) D:8

Altars:
Ashenzari
Dithmenos
Elyvilon
Fedhas
Gozag
Hepliaklqana
Kikubaaqudgha
Makhleb
Nemelex Xobeh
Qazlal
Sif Muna
Trog
Uskayaw
Vehumet
Wu Jian
Xom
Yredelemnul
Zin
The Shining One

Shops:
D:6 :   D:8 ?

Annotations:
D:1 exclusion: downstairs
D:2 exclusion: downstairs
D:5 3 runed doors, exclusion: downstairs, Loudmushroom's ghost, amateur GrFi
D:7 3 transporters
D:8 Maurice


Innate Abilities, Weirdness & Mutations

You are resistant to torment.
Your stone body is resilient. (AC +7)
You are immune to poison.
You resist negative energy. (rN+)
You are resistant to electric shocks. (rElec)
You can survive without breathing.
You are immune to petrification.
You are immune to rotting.


Message History

The soldier ant is almost dead.
b - 75 stones
Casting: Sandblast (safe; 1% risk of failure)
Confirm with . or Enter, or press ? or * to list all spells.
Aiming: Sandblast (safe; 1% risk of failure)
Press: ? - help, Shift-Dir - straight line The blast of sand misses the soldier ant.
b - 74 stones The soldier ant stings you!
* * * LOW HITPOINT WARNING * * *
Casting: Sandblast (safe; 1% risk of failure)
Confirm with . or Enter, or press ? or * to list all spells.
Aiming: Sandblast (safe; 1% risk of failure)
Press: ? - help, Shift-Dir - straight line, f - soldier ant
Aim: a soldier ant (almost dead)
The blast of sand hits the soldier ant.
The soldier ant is almost dead.
b - 73 stones The soldier ant stings you.
You die...

#####.....# #. .Z #....
#.........## .. .##.## ##....
...........## #. ...... #.....
.[........###.#. #.##.# ##....
....#...#.# .#©###.##.##.######.
#######...# ......##.....# ##..
#.#.# #. ##).(#.#..###..#
#####.#.##.##.##...##.# ##..##
##.....#.# #...@a.©#.....# #..##
##........####..#######..####....
#..........##### ### #####...##
#...........#######©#######....##
#................................
#...........................<..##
#...............##...............
##.............###.........#...##
##............## #####.#####...#


You could see a soldier ant.

Vanquished Creatures
  An ugly thing (D:7)
  A cyclops (D:7)
  A hippogriff (D:8)
  A soldier ant (D:8)
  Menkaure (D:7)
  2 water moccasins
  2 porcupines (D:8)
  A black bear (D:8)
  An ice beast (D:6)
  5 ogres
  4 phantoms
  An eye of draining (D:8)
  A centaur (D:8)
  A crocodile (D:8)
  A big kobold (D:8)
  10 bullfrogs
  A gnoll sergeant (D:6)
  A scorpion (D:8)
  11 killer bees
  5 wights
  2 howler monkeys (D:6)
  3 crimson imps
  2 bullfrog skeletons
  4 hounds
  3 orc priests
  A gnoll shaman (D:7)
  2 jellies
  A centaur skeleton (D:7)
  5 orc wizards
  2 iguanas
  8 worker ants
  A hound zombie (D:7)
  2 hound skeletons
  A worker ant zombie (D:5)
  2 howler monkey skeletons
  9 gnolls
  9 adders
  5 shadow imps
  An adder skeleton (D:4)
  An adder zombie (D:8)
  4 dart slugs (D:2)
  2 worms (D:2)
  6 leopard geckos
  13 orcs
  5 ball pythons
  3 giant cockroaches (D:2)
  9 goblins
  6 hobgoblins
  20 jackals
  2 quokkas
  7 bats
  8 frilled lizards
  7 kobolds
  7 rats
  A spectral orc (D:5)
  A plant (D:3)
217 creatures vanquished.

Vanquished Creatures (others)
  7 fungi (D:8)
  A plant (D:8)
8 creatures vanquished.

Grand Total: 225 creatures vanquished

Notes
Turn   | Place    | Note
-------+----------+-------------------------------------------
     0 | D:1      | jerryfan the Gargoyle Earth Elementalist began the quest
                  | for the Orb.
     0 | D:1      | Reached XP level 1. HP: 10/10 MP: 3/3
   186 | D:1      | Reached XP level 2. HP: 15/15 MP: 0/5
   207 | D:1      | Reached skill level 4 in Earth Magic
   612 | D:1      | Reached XP level 3. HP: 17/19 MP: 0/6
   684 | D:1      | Learned a level 3 spell: Stone Arrow
  1297 | D:2      | Reached XP level 4. HP: 20/24 MP: 6/8
  1373 | D:2      | Reached skill level 1 in Conjurations
  2195 | D:3      | Reached skill level 5 in Earth Magic
  2470 | D:3      | Reached XP level 5. HP: 17/28 MP: 1/10
  3068 | D:4      | Found an opulent altar of Gozag.
  3157 | D:4      | Reached XP level 6. HP: 23/32 MP: 11/11
  3244 | D:4      | Found a shattered altar of Ashenzari.
  3686 | D:4      | Reached skill level 6 in Earth Magic
  3932 | D:5      | Entered Level 5 of the Dungeon
  4163 | D:5      | Reached XP level 7. HP: 36/36 MP: 4/13
  4330 | D:5      | Identified Wozu's Catalogue of Lethal Displacement
  4530 | D:5      | Found a basalt altar of Yredelemnul.
  4665 | D:5      | Found a runed gate.
  4665 | D:5      | Found a runed gate.
  4666 | D:5      | Found a runed gate.
  4777 | D:5      | Noticed Loudmushroom's ghost (amateur GrFi)
  5108 | D:6      | Found Rymo's Book Shop.
  5143 | D:7      | Reached skill level 7 in Earth Magic
  5243 | D:7      | Reached skill level 5 in Spellcasting
  5290 | D:7      | Reached XP level 8. HP: 39/41 MP: 12/15
  5307 | D:7      | Reached skill level 5 in Conjurations
  5497 | D:7      | Found a transporter.
  5536 | D:7      | Reached skill level 8 in Earth Magic
  5546 | D:7      | Found a transporter.
  5548 | D:7      | Noticed a vampire
  5549 | D:7      | Noticed an orc knight
  5554 | D:7      | Found a transporter.
  5562 | D:7      | Found a blossoming altar of Fedhas.
  5563 | D:7      | Found an ancient bone altar of Kikubaaqudgha.
  5563 | D:7      | Found a shattered altar of Ashenzari.
  5604 | D:7      | Found a staircase to the Ecumenical Temple.
  5617 | Temple   | Entered the Ecumenical Temple
  5681 | Temple   | Became a worshipper of Vehumet
  5756 | D:7      | Noticed Menkaure
  5760 | D:7      | Killed Menkaure
  5913 | D:7      | Found a hide-covered altar of Uskayaw.
  6153 | D:6      | Reached XP level 9. HP: 45/45 MP: 16/18
  6422 | D:6      | Reached skill level 9 in Earth Magic
  6794 | D:6      | Reached * piety under Vehumet
  6794 | D:6      | Offered knowledge of Freeze by Vehumet.
  6908 | D:6      | Learned a level 5 spell: Lee's Rapid Deconstruction
  7232 | D:8      | Found Bauchowa's Magic Scroll Boutique.
  7245 | D:8      | Bought a scroll of noise for 10 gold pieces
  7459 | D:8      | Reached skill level 10 in Earth Magic
  7482 | D:8      | Reached XP level 10. HP: 31/50 MP: 18/21
  7617 | D:8      | Got a warped robe
  7618 | D:8      | Identified the +2 robe "Ogimilooz" {rElec MR+ Str-4 Dex+7}
                  | (You found it on level 8 of the Dungeon)
  7657 | D:8      | Offered knowledge of Sting by Vehumet.
  7660 | D:8      | Learned a level 1 spell: Sting
  7744 | D:8      | Found a staircase to the Lair.
  7880 | D:8      | Reached ** piety under Vehumet
  8155 | D:8      | Noticed Maurice
  8331 | D:7      | Found a transporter.
  8331 | D:7      | Noticed a cyclops
  8337 | D:7      | Killed a cyclops
  8337 | D:7      | Reached skill level 11 in Earth Magic
  8337 | D:7      | Noticed a cyan ugly thing
  8351 | D:7      | Killed a cyan ugly thing
  8387 | D:7      | Slain by a soldier ant

Skill      XL: |  1  2  3  4  5  6  7  8  9 10 |
---------------+-------------------------------+-----
Earth Magic    | 4 5 6 7 8 10 11 | 11.3
Spellcasting   | 3 4 5 6 7 8 |  8.7
Conjurations   | 1 2 3 4 6 8 9 |  9.6
Dodging        | |  1.5
Stealth        | |  2.1
Transmutations | |  0.7

Action                   |  1- 3 |  4- 6 |  7- 9 | 10-12 || total
-------------------------+-------+-------+-------+-------++-------
Melee: Unarmed           |    34 |       |       |       ||    34
       Whip              |    36 |   265 |   113 |       ||   414
       Mace              |       |       |    53 |    32 ||    85
Throw: Stone             |       |       |     1 |       ||     1
 Cast: Sandblast         |    36 |    37 |    99 |    32 ||   204
       Stone Arrow       |     7 |    35 |    45 |     5 ||    92
       Lee's Rapid Decon |       |       |     4 |    12 ||    16
       Sting             |       |       |       |     2 ||     2
Evoke: Lamp of fire      |       |       |       |     1 ||     1
  Use: Scroll            |     6 |     2 |     4 |     2 ||    14
       Potion            |     1 |       |     1 |     2 ||     4
 Stab: Sleeping          |     3 |     2 |     1 |       ||     6
  Eat: Chunk             |     2 |    13 |    14 |     4 ||    33
       Ration            |       |       |       |     1 ||     1
Armor: Robe              |    29 |    91 |    54 |    23 ||   197
Dodge: Dodged            |    45 |   161 |   225 |    63 ||   494
